 Dungeon Crawl Stone Soup version bcrawl-1.19.1 (webtiles) character file.

Game seed: 18074074572557838669

56 Revguard the Grave Robber (level 3, -1/28 HPs)
             Began as a Demonspawn Necromancer on Dec 5, 2019.
             Slain by Sigmund
             ... wielding a +0 scythe
              (3 damage)
             ... on level 2 of the Dungeon.
             The game lasted 00:06:56 (2088 turns).

Revguard the Grave Robber (Demonspawn Necromancer)  Turns: 2088, Time: 00:06:56

Health: -1/28      AC:  4    Str: 13    XL:     3   Next: 71%
Magic:  5/6        EV: 12    Int: 16    God:
Gold:   60         SH:  0    Dex: 14    Spells: 1/6 levels left

rFire    . . .     SeeInvis .   a - +0 dagger
rCold    . . .     Gourm    .   (no shield)
rNeg     . . .     Faith    .   b - +0 robe
rPois    .         Spirit   .   (no helmet)
rElec    .         Reflect  .   (no cloak)
rCorr    .         Harm     .   (no gloves)
MR       .....                  c - +2 pair of boots
Stlth    ++........             (no amulet)
HPRegen  0.09/turn              (no ring)
MPRegen  0.10/turn              (no ring)

@: mighty, berserk cooldown, slowed, very slow
A: deformed body, robust 1, rot immunity
a: no special abilities


You were on level 2 of the Dungeon.
You were not hungry.

You visited 1 branch of the dungeon, and saw 2 of its levels.

You collected 60 gold pieces.

Inventory:

Hand Weapons
 a - a +0 dagger (weapon)
Armour
 b - a +0 robe (worn)
 c - a +2 pair of boots (worn)
Scrolls
 e - a scroll of teleportation {unknown}
 j - a scroll of remove curse {unknown}
 k - a scroll of fog {unknown}
 l - a scroll of amnesia {unknown}
 m - a scroll of identify {unknown}
Potions
 h - a potion of might
 i - a potion of brilliance {unknown}
Comestibles
 d - 2 rations {!d}


   Skills:
 * Level 1.2 Fighting
 + Level 2.0 Dodging
 - Level 2.0 Stealth
 + Level 2.4 Spellcasting
 + Level 5.2 Necromancy


You had one spell level left.
You knew the following spells:

 Your Spells              Type           Power        Failure   Level  Hunger
a - Pain                  Necr           ###...       2%          1    #......
b - Animate Skeleton      Necr           N/A          2%          1    #......
c - Vampiric Draining     Necr           ###.......   7%          3    ###....

Your spell library contained the following spells:

 Spells                   Type           Power        Failure   Level  Hunger
 Regeneration             Chrm/Necr      ##........   21%         3    ###....
 Animate Dead             Necr           N/A          22%         4    #####..
 Bolt of Draining         Conj/Necr      ##........   88%         5    ######.


Dungeon Overview and Level Annotations

Branches:
Dungeon (2/12)

Altars:

Annotations:
D:2 Sigmund


Innate Abilities, Weirdness & Mutations

You are immune to rotting.
Armour fits poorly on your strangely shaped body.
You are robust. (+10% HP)


Message History

You feel very mighty all of a sudden.
Your leopard gecko skeleton barely misses Sigmund.
Sigmund gestures wildly while chanting.
Sigmund flickers and vanishes!
Deactivating autopickup; reactivate with Ctrl-A.
It was a potion of berserk rage.
A red film seems to cover your vision as you go berserk!
You feel yourself moving faster!
You feel mighty!
You feel a strong urge to attack something.
A puff of flame appears from out of thin air!
The puff of flame hits your leopard gecko skeleton.
Your leopard gecko skeleton is destroyed!
Found a ration.
You feel your anger nearly subside.
You are no longer berserk.
You are exhausted.
You feel yourself slow down.
It was a potion of mutation.
You feel extremely strange.
Your body twists and deforms.
You feel robust. Something hits you.
You die...

..........#
###.....####
#.......#.# ##.......#
###.###.#.###..#######
#. #.#.##..## #
#.#....## #.#.Z###
#.#.## ##....######
.##....@.....#
....#...####...#
#.##....{...# . .
#..##.##.#
##...#..#.####
%.............#
.##.##.#)#..###
#...##.... ###.#
#..#..


There were no monsters in sight!

Vanquished Creatures
  6 leopard geckos
  4 bats (D:1)
  2 giant cockroaches (D:1)
  4 goblins (D:1)
  4 hobgoblins (D:1)
  3 jackals (D:1)
  A quokka (D:2)
  2 ball pythons
  A frilled lizard (D:2)
  6 kobolds
  4 rats
37 creatures vanquished.

Vanquished Creatures (collateral kills)
  A leopard gecko (D:1)
  A giant cockroach (D:1)
  A goblin (D:1)
  2 jackals (D:1)
  A kobold (D:1)
  A bat (D:1)
  A frilled lizard (D:1)
8 creatures vanquished.

Grand Total: 45 creatures vanquished

Notes
Turn   | Place    | Note
-------+----------+-------------------------------------------
     0 | D:1      | Revguard the Demonspawn Necromancer began the quest for the
                  | Orb.
     0 | D:1      | Reached XP level 1. HP: 13/13 MP: 3/3
   239 | D:1      | Gained mutation: You are immune to rotting. [demonic
                  | ancestry]
   239 | D:1      | Reached XP level 2. HP: 12/20 MP: 3/5
   245 | D:1      | Learned a level 1 spell: Animate Skeleton
   833 | D:1      | Reached skill level 1 in Fighting
   904 | D:1      | Reached skill level 5 in Necromancy
   993 | D:1      | Reached XP level 3. HP: 26/26 MP: 6/6
  1120 | D:1      | Learned a level 3 spell: Vampiric Draining
  2072 | D:2      | Noticed Sigmund
  2079 | D:2      | HP: 1/26 [Sigmund/+0 scythe (11)]
  2088 | D:2      | Gained mutation: Armour fits poorly on your strangely
                  | shaped body. [potion of mutation]
  2088 | D:2      | Gained mutation: You are robust. (+10% HP) [potion of
                  | mutation]
  2088 | D:2      | Slain by Sigmund

Skill      XL: |  1  2  3 |
---------------+----------+-----
Fighting       | 1 |  1.2
Necromancy     | 5 |  5.2
Dodging        | 2 |  2.0
Stealth        | |  2.0
Spellcasting   | |  2.4

Action                   || total
-------------------------++-------
Melee: Dagger            ||    85
 Cast: Pain              ||    32
       Animate Skeleton  ||    16
       Vampiric Draining ||     6
  Use: Potion            ||     3
 Stab: Sleeping          ||     2
  Eat: Chunk             ||     5
Armor: Robe              ||    37
Dodge: Dodged            ||    89
